 Dungeon Crawl Stone Soup version 0.31-a0-656-gb4d89c20fa (webtiles) character file.

Game seed: 8319901369333446236

59936 pants the Severer (level 14, -2/129 HPs)
             Began as a Hill Orc Berserker on Aug 30, 2023.
             Was a High Priest of Trog.
             Slain by a stone giant (14 damage)
             ... on level 15 of the Dungeon on Aug 31, 2023.
             The game lasted 02:19:28 (18229 turns).

pants the Severer (Hill Orc Berserker)             Turns: 18229, Time: 02:19:29

Health: -2/129     AC: 19    Str: 28    XL:     14   Next: 97%
Magic:  14/14      EV: 11    Int:  7    God:    Trog [*****.]
Gold:   2398       SH: 21    Dex: 10    Spells: 13/13 levels left

rFire   + . .        c - +9 broad axe (vamp)
rCold   . . .        h - +4 tower shield "Kubamei" {rN+ Str+3}
rNeg    + . .        v - +5 scale mail "Zifrimye" {rF+ Will+ Stlth+}
rPois   .            L - +1 hat {Stlth+}
rElec   .            o - +0 cloak
rCorr   .            y - +1 pair of gloves
SInv    .            (no boots)
Will    ++++.        O - amulet of regeneration
Stlth   +++          (no ring)
HPRegen 2.21/turn    (no ring)
MPRegen 0.14/turn

%: no passive effects
@: strong-willed, on berserk cooldown, regenerating, slowed, very slow
A: no striking features
a: Renounce Religion, Berserk, Trog's Hand, Brothers in Arms


You were on level 15 of the Dungeon.
You worshipped Trog.
Trog was extremely pleased with you.
You visited 4 branches of the dungeon, and saw 20 of its levels.

You collected 2816 gold pieces.
You spent 418 gold pieces at shops.

Inventory:

Hand Weapons
 b - the +8 executioner's axe of the Evil Eye {flame, rCorr}
   (Trog gifted it to you on level 1 of the Orcish Mines)

   rCorr:     It protects you from acid and corrosion.
 c - a +9 vampiric broad axe (weapon)
 n - a +2 quarterstaff of chaos
 x - a +2 whip of freezing
 G - a +4 dire flail of freezing
 J - a +1 scimitar of flaming
 M - a +2 trident of freezing
Missiles
 F - 2 throwing nets
Armour
 f - a +1 hat
 h - the +4 tower shield "Kubamei" (worn) {rN+ Str+3}
   (You found it on level 2 of the Dungeon)

   Str+3:     It affects your strength (+3).
   rN+:       It protects you from negative energy.
 k - a +1 chain mail
 o - a +0 cloak (worn)
 r - a +4 ring mail of poison resistance
 v - the +5 scale mail "Zifrimye" (worn) {rF+ Will+ Stlth+}
   (You found it on level 11 of the Dungeon)

   rF+:       It protects you from fire.
   Will+:     It increases your willpower.
   Stlth+:    It makes you more stealthy.
 y - a +1 pair of gloves (worn)
 L - a +1 hat of stealth (worn)
 Q - a +0 plate armour
Magical Staves
 w - a staff of fire
 S - a staff of poison
Jewellery
 m - the amulet "Goawnacwiu" {Spirit Str+3 Int+3 Dex-3}
   (You found it on level 11 of the Dungeon)

   [amulet of guardian spirit]

   Spirit:    It causes incoming damage to be divided between your reserves of
   health and magic.
   Str+3:     It affects your strength (+3).
   Int+3:     It affects your intelligence (+3).
   Dex-3:     It affects your dexterity (-3).
 D - an amulet of the acrobat
 O - an amulet of regeneration (around neck)
 R - an amulet of regeneration
Wands
 e - a wand of roots (16)
 A - a wand of paralysis (7)
 B - a wand of mindburst (19)
 I - a wand of digging (6)
 U - a wand of flame (9)
Scrolls
 j - a scroll of amnesia
 p - 2 scrolls of fog
 q - 4 scrolls of identify
 s - a scroll of noise
 C - 2 scrolls of revelation
 P - a scroll of immolation
Potions
 a - 3 potions of resistance
 d - 4 potions of attraction
 g - 6 potions of enlightenment
 i - a potion of cancellation {unknown}
 l - 2 potions of brilliance {unknown}
 t - 3 potions of might
 u - 2 potions of berserk rage
 E - 2 potions of lignification {unknown}
 H - 3 potions of haste
 K - 6 potions of mutation
 N - 8 potions of curing
Miscellaneous
 z - a phial of floods


   Skills:
 + Level 13.1 Fighting
 + Level 19.5 Axes
 + Level 11.1 Armour
 + Level 6.5 Dodging
 + Level 4.0 Stealth
 + Level 14.1 Shields
 + Level 1.1 Evocations


You had 13 spell levels left.
You didn't know any spells.
Your spell library was empty.

Dungeon Overview and Level Annotations

Branches:
Dungeon (15/15)            Temple (1/1) D:5            Lair (2/5) D:9
    Orc (2/2) D:9          Vaults (0/5) D:14         Depths (0/4) D:15
  Swamp: Lair:2-3    Shoals: Lair:2-3     Snake: Lair:2-3    Spider: Lair:2-3
    Elf: Orc:2

Altars:
Ashenzari
Cheibriados
Dithmenos
Elyvilon
Fedhas
Gozag
Hepliaklqana
Kikubaaqudgha
Makhleb
Nemelex Xobeh
Okawaru
Qazlal
Ru
Sif Muna
Trog
Uskayaw
Vehumet
Wu Jian
Xom
Yredelemnul
Zin
The Shining One
Beogh
Jiyva

Shops:
D:3 [:   D:13 *?[[   Orc:2 **

Portals:
Trove: D:13 (give 5 potions of resistance)

Annotations:
D:13 2 transporters, olddryhag's ghost, journeyman DsGl
Abyss:1 Fannar; Grinder; jejorda2's ghost, journeyman GnBe


Message History

* * * LOW HITPOINT WARNING * * *
The stone giant hits you but does no damage.
The stone giant completely misses you.
The stone giant hits you but does no damage.
The stone giant hits you!!
* * * LOW HITPOINT WARNING * * *
The stone giant hits you!!
* * * LOW HITPOINT WARNING * * *
The stone giant hits you but does no damage.
You are no longer berserk.
You feel yourself slow down. The stone giant barely misses you.
You turn to flesh and can move again.
Read: scroll of fear
Press: ? - help, Q - select action, (/) - cycle Dir - look around, f - activate Look: a stone giant, quivering large rocks (heavily wounded, chance to affect: 64%)
As you read the scroll of fear, it crumbles to dust.
You assume a fearsome visage.
The stone giant resists with some effort.
The stone giant barely misses you. The stone giant closely misses you.
Aiming: Paralyse
Press: ? - help, Q - select action, (/) - cycle Shift-Dir - straight line, p - stone giant The stone giant resists with almost no effort.
You block the stone giant's attack.
As you read the scroll of fog, it dissolves into smoke.
You block the stone giant's attack. x2
The stone giant throws a large rock.
You block the large rock. You block the stone giant's attack.
You see here a catoblepas corpse.
The stone giant throws a large rock.
You block the large rock. The stone giant hits you!!
* * * LOW HITPOINT WARNING * * *
Your skin crawls.
You feel strong-willed. You block the stone giant's attack.
The stone giant hits you but does no damage.
You block the stone giant's attack.
You hit the stone giant but do no damage.
The stone giant is heavily wounded.
The stone giant hits you!
You die...

#..................####
...................#
#.####.#########.###
#.# #.# #....# #.# #.#
##§#### ..# #.#
##.§§§§# #.# #.#
##§§§##§## #.#
#........§§C§## ..#
#..≈.§≈..≈.@.§# #.#
....§§.≈≈...§§# #..
.≈.#≈§≈§≈#.≈§§# ##.
$.≈≈≈≈.§§≈§§§§# .
≈≈§...≈≈≈§..#
.#≈≈.>.≈§#.§.#
≈...≈≈§≈.## §≈≈≈≈≈..#


You could see a stone giant.

Vanquished Creatures
  Gastronok (D:11)
  Kirke (D:13)
  A slime creature (D:14)
  A yaktaur captain (D:14)
  Erica (D:8)
  2 ogre magi (D:15)
  A hydra (D:13)
  A death knight (D:12)
  2 catoblepae
  3 centaur warriors
  2 tengu warriors
  5 boulder beetles
  11 two-headed ogres
  Sonja (D:13)
  Urug (Orc:1)
  A skeletal warrior (D:12)
  Pikel (D:5)
  A deep elf pyromancer (D:15)
  5 ugly things
  8 cyclopes
  7 manticores
  A moth of wrath (D:9)
  Maurice (D:11)
  2 black mambas
  3 cane toads
  A gargoyle (D:13)
  A rime drake (Lair:1)
  2 unseen horrors
  2 yaktaurs (D:14)
  4 kobold demonologists (D:12)
  2 efreet
  3 komodo dragons
  A freezing wraith (D:12)
  A hornet (shapeshifter) (D:14)
  10 trolls
  3 polar bears (Lair:2)
  Prince Ribbit (Lair:1)
  11 blink frogs
  3 hornets
  2 shadows (D:12)
  3 wyverns
  A vampire (D:11)
  7 yaks
  4 wraiths
  A hog (D:13)
  A steam dragon (D:8)
  A basilisk (D:14)
  3 vampire mosquitoes (D:12)
  A death yak simulacrum (D:13)
  3 wargs (Orc:1)
  4 water moccasins
  3 black bears
  20 orc warriors
  2 ice beasts (D:5)
  2 sky beasts
  9 ogres
  13 centaurs
  A lemure (D:5)
  A phantom (D:4)
  Blork the orc (D:4)
  5 kobold brigands
  8 bullfrogs
  3 gnoll sergeants (D:9)
  5 scorpions
  3 wights (D:7)
  8 killer bees
  5 howler monkeys
  2 bullfrog zombies (D:6)
  7 orc priests
  4 jellies
  4 hounds
  Crazy Yiuf (D:2)
  A gnoll bouda (D:7)
  A sleepcap (D:5)
  An iguana (D:5)
  15 orc wizards
  A polar bear simulacrum (D:13)
  A troll simulacrum (D:13)
  3 spriggan simulacra (D:13)
  7 gnolls
  9 adders
  A naga simulacrum (D:13)
  A shadow imp (D:8)
  A white imp (D:7)
  An ufetubus (D:4)
  5 worms
  A dart slug (D:3)
  50 orcs
  9 ball pythons
  8 bats
  7 endoplasms
  6 giant cockroaches
  13 goblins
  6 hobgoblins
  3 jackals (D:3)
  4 quokkas
  2 frilled lizards
  16 kobolds
  10 rats
430 creatures vanquished.

Vanquished Creatures (collateral kills)
  The ghost of Shayle the Grappler, a novice OgSh of Kikubaaqudgha (Lair:1)
  2 slime creatures (Lair:1)
  A gnoll sergeant (D:9)
  An orc (D:9)
5 creatures vanquished.

Vanquished Creatures (others)
  An ugly thing (D:12)
  5 humans (D:13)
  A wolf simulacrum (D:13)
7 creatures vanquished.

Grand Total: 442 creatures vanquished

Notes
Turn   | Place    | Note
-------+----------+-------------------------------------------
     0 | D:1      | pants the Hill Orc Berserker began the quest for the Orb.
     0 | D:1      | Reached XP level 1. HP: 19/19 MP: 1/1
    43 | D:1      | Reached XP level 2. HP: 5/27 MP: 2/2
   395 | D:1      | Reached ** piety under Trog
   396 | D:1      | Reached XP level 3. HP: 33/33 MP: 3/3
   880 | D:2      | Found a runed translucent door.
   881 | D:2      | Noticed Crazy Yiuf
   892 | D:2      | Killed Crazy Yiuf
   893 | D:2      | Reached skill level 5 in Axes
   893 | D:2      | Reached XP level 4. HP: 31/41 MP: 4/4
  1026 | D:2      | Identified a scroll of acquirement
  1026 | D:2      | Acquired a +6 broad axe of distortion
  1110 | D:2      | Identified the +4 tower shield "Kubamei" {rN+ Str+3}
  1277 | D:2      | Found a shimmering altar of Xom.
  1677 | D:3      | Found Gianuch's Armour Boutique.
  1695 | D:3      | Reached XP level 5. HP: 45/47 MP: 5/5
  1718 | D:3      | Bought a +0 ring mail of poison resistance for 88 gold
                  | pieces
  1881 | D:3      | Found Cuesm's Book Shoppe.
  1980 | D:3      | Reached skill level 1 in Shields
  2173 | D:4      | Reached skill level 6 in Axes
  2203 | D:4      | Noticed Grinder
  2206 | D:4      | Paralysed by Grinder for 4 turns
  2216 | D:4      | Paralysed by Grinder for 4 turns
  2221 | D:4      | Banished Grinder
  2222 | D:4      | Reached skill level 7 in Axes
  2222 | D:4      | Reached XP level 6. HP: 47/53 MP: 6/6
  2282 | D:4      | Reached *** piety under Trog
  2357 | D:4      | Reached XP level 7. HP: 60/60 MP: 7/7
  2391 | D:4      | Acquired 1005 gold pieces
  2504 | D:4      | Found a broken altar of Ashenzari.
  2575 | D:4      | Noticed Blork the orc
  2583 | D:4      | Killed Blork the orc
  2861 | D:5      | Entered Level 5 of the Dungeon
  2875 | D:5      | Reached skill level 8 in Axes
  2880 | D:5      | Reached skill level 5 in Fighting
  2951 | D:5      | Found a staircase to the Ecumenical Temple.
  2964 | D:5      | Reached XP level 8. HP: 57/68 MP: 8/8
  3045 | Temple   | Entered the Ecumenical Temple
  3242 | D:5      | Found a shadowy altar of Dithmenos.
  3260 | D:5      | Reached skill level 9 in Axes
  3403 | D:5      | Found a white marble altar of Elyvilon.
  3412 | D:5      | Noticed Pikel
  3429 | D:5      | Killed Pikel
  3430 | D:5      | Reached skill level 10 in Axes
  3430 | D:5      | Reached skill level 5 in Shields
  3567 | D:5      | Reached XP level 9. HP: 75/75 MP: 9/9
  4103 | D:6      | Reached skill level 11 in Axes
  4179 | D:6      | Found a basalt altar of Yredelemnul.
  5026 | D:7      | Reached **** piety under Trog
  5027 | D:7      | Reached skill level 12 in Axes
  5101 | D:7      | Reached skill level 5 in Armour
  5489 | D:8      | Reached XP level 10. HP: 72/84 MP: 10/10
  5565 | D:8      | Reached skill level 13 in Axes
  5812 | D:8      | Noticed Erica
  5827 | D:8      | Killed Erica
  6258 | D:9      | Reached ***** piety under Trog
  6409 | D:9      | Found a glowing golden altar of the Shining One.
  6502 | D:9      | Noticed a two-headed ogre
  6511 | D:9      | Killed a two-headed ogre
  6512 | D:9      | Reached skill level 14 in Axes
  6527 | D:9      | Found a transporter.
  6531 | D:9      | Found a transporter.
  6532 | D:9      | Noticed a two-headed ogre
  6534 | D:9      | Noticed jejorda2's ghost (journeyman GnBe)
  6534 | D:9      | Noticed a two-headed ogre
  6535 | D:9      | Noticed a moth of wrath
  6536 | D:9      | Found a bloodstained altar of Trog.
  6536 | D:9      | Noticed a tengu warrior
  6893 | D:9      | Found a staircase to the Lair.
  6984 | D:9      | Found a staircase to the Orcish Mines.
  7000 | D:9      | Reached skill level 1 in Stealth
  7000 | D:9      | Reached XP level 11. HP: 92/94 MP: 11/11
  7471 | Lair:1   | Entered Level 1 of the Lair of Beasts
  7524 | Lair:1   | Reached skill level 15 in Axes
  7534 | Lair:1   | Noticed Prince Ribbit
  7560 | Lair:1   | Killed Prince Ribbit
  8135 | Lair:1   | Found a runed translucent gate.
  8137 | Lair:1   | Found a runed translucent gate.
  8140 | Lair:1   | Found a runed translucent gate.
  8143 | Lair:1   | Found a viscous altar of Jiyva.
  8143 | Lair:1   | Noticed Shayle's ghost (novice OgSh)
  8813 | D:10     | Entered Level 10 of the Dungeon
  8869 | D:10     | Reached skill level 16 in Axes
  9235 | D:10     | Paralysed by a hornet for 3 turns
  9852 | D:11     | Noticed Gastronok
  9863 | D:11     | Killed Gastronok
  9864 | D:11     | Reached XP level 12. HP: 90/105 MP: 12/12
  9912 | D:11     | Identified the amulet "Goawnacwiu" {Spirit Str+3 Int+3
                  | Dex-3}
 10216 | D:11     | Noticed a two-headed ogre
 10228 | D:11     | Killed a two-headed ogre
 10245 | D:11     | Received a gift from Trog
 10268 | D:11     | Found a hazy altar of Hepliaklqana.
 10374 | D:11     | Noticed a boulder beetle
 10382 | D:11     | Killed a boulder beetle
 10581 | D:11     | Noticed Maurice
 10601 | D:11     | Identified the +5 scale mail "Zifrimye" {rF+ Will+ Stlth+}
 10610 | D:11     | Killed Maurice
 11274 | D:12     | Reached skill level 10 in Fighting
 11345 | D:12     | Noticed a death knight
 11408 | D:12     | Reached skill level 10 in Shields
 11431 | D:12     | Noticed a two-headed ogre
 11439 | D:12     | Killed a two-headed ogre
 11440 | D:12     | Reached skill level 17 in Axes
 11747 | D:9      | Banished jejorda2's ghost
 11752 | D:9      | Killed a two-headed ogre
 11753 | D:9      | Reached skill level 5 in Dodging
 11759 | D:9      | Killed a tengu warrior
 11762 | D:9      | Killed a two-headed ogre
 11763 | D:9      | Reached XP level 13. HP: 97/114 MP: 11/13
 12305 | Lair:1   | Killed Shayle's ghost
 12566 | Lair:2   | Reached skill level 18 in Axes
 13051 | Orc:1    | Entered Level 1 of the Orcish Mines
 13151 | Orc:1    | Identified the +8 executioner's axe of the Evil Eye {flame,
                  | rCorr} (Trog gifted it to you on level 1 of the Orcish
                  | Mines)
 13151 | Orc:1    | Received a gift from Trog
 13307 | Orc:1    | Found a roughly hewn altar of Beogh.
 13447 | Orc:1    | Noticed Urug
 13459 | Orc:1    | Killed Urug
 13718 | Orc:2    | Entered Level 2 of the Orcish Mines
 13942 | Orc:2    | Found Hadghistra's General Store.
 13942 | Orc:2    | Found Meocy's Assorted Antiques.
 14565 | D:12     | Noticed Fannar
 14569 | D:12     | Banished Fannar
 15061 | D:12     | Reached skill level 10 in Armour
 15128 | D:12     | Reached XP level 14. HP: 125/125 MP: 14/14
 15505 | D:13     | Noticed a frost giant
 15507 | D:13     | Noticed olddryhag's ghost (journeyman DsGl)
 15517 | D:13     | Found a transporter.
 15529 | D:13     | Found a transporter.
 16002 | D:13     | Found Jarati's Neck Hole.
 16037 | D:13     | Bought an amulet of regeneration for 330 gold pieces
 16333 | D:13     | Noticed Sonja
 16337 | D:13     | Killed Sonja
 16414 | D:13     | Noticed Kirke
 16426 | D:13     | Killed Kirke
 16520 | D:13     | Found Fabaiqov's Antique Armour Emporium.
 16523 | D:13     | Found Vohiwia's Antique Armour Emporium.
 16525 | D:13     | Found Wemirgh's Magic Scroll Emporium.
 16725 | D:13     | Found a portal to a secret trove of treasure.
 17129 | D:14     | Paralysed by a hornet for 2 turns
 17251 | D:14     | Found a gate to the Vaults.
 17257 | D:14     | Reached skill level 19 in Axes
 17591 | D:15     | Entered Level 15 of the Dungeon
 17909 | D:15     | Reached skill level 1 in Evocations
 18157 | D:15     | Found a staircase to the Depths.
 18157 | D:15     | Noticed a stone giant
 18226 | D:15     | HP: 2/129 [stone giant (28)]
 18229 | D:15     | Slain by a stone giant

Illustrated notes

Levels and vault maps discovered:
D:1:      ncdulo_watergridlock, layout_rooms
D:2:      layout_loops_cross, basic_altar, serial_park_tiny_2,
          dreamdust_princess_corridor, uniq_crazy_yiuf_cottage
D:3:      minmay_angry_zag, layout_rooms, serial_shops, nicolae_diamond_shop,
          shop
D:4:      layout_rooms, lemuel_doored_altar, chequers_serial_rivers_micro_e,
          uniq_grinder, uniq_blork_the_orc
D:5:      layout_cave_pools, elyvilon_altar_3, nicolae_dithmenos_the_darkroom,
          minmay_temple_entry_tees, gup_sewer_entry_spiral, uniq_pikel
D:6:      layout_loops_ring, lemuel_zombie_altar_yredelemnul, kennysheep_potato
D:7:      layout_loops_ring
D:8:      layout_basic, uniq_erica
D:9:      layout_irregular_city, marbit_many_paths,
          grunt_lair_entry_orc_guard_hut,
          kennysheep_orc_monster_closet_entryway,
          gammafunk_ghost_wrathful_warriors
D:10:     layout_roguey
D:11:     layout_basic, minmay_misc_feat_encased,
          nicolae_hepliaklqana_hippocampus, uniq_gastronok, uniq_maurice
D:12:     minmay_open_boxes_in_corner, layout_basic, uniq_fannar
D:13:     layout_basic, gammafunk_ghost_arena, trove_entry_hex_spiral,
          portal_ice_cave_entry_ice_simulacra,
          nicolae_shop_distant_corner_stores, nicolae_shop_sticking_my_neck_out,
          uniq_kirke, uniq_sonja
D:14:     layout_roguey, david_vaults_2, minmay_parallelograms
D:15:     grunt_enter_depths_giant_problem, layout_loops_ring, xom_teletrap_fun,
          nzn_ghost_randoct
Temple:   minmay_temple_bridge_d
Lair:1:   layout_regular_city, gammafunk_ghost_ooze, lemuel_fruit_tree,
          uniq_prince_ribbit2
Lair:2:   dragon1_lemuel, layout_big_grid, guppyfry_snake_entry_island,
          small_statue_intersection, cheibrodos_lair_lostbears,
          infiniplex_staircase_pool
Orc:1:    layout_caves, basic_altar, rock_pile, uniq_urug
Orc:2:    st_orc_rangers, layout_diamond_mine

Skill      XL: |  1  2  3  4  5  6  7  8  9 10 11 12 13 14 |
---------------+-------------------------------------------+-----
Fighting       | 4 5 6 7 9 10 11 13 | 13.1
Dodging        | 2 3 4 5 6 |  6.5
Axes           | 5 7 8 10 12 14 16 17 18 19 | 19.5
Armour         | 3 4 5 6 7 9 10 11 | 11.1
Shields        | 2 3 4 5 6 8 9 10 12 14 | 14.1
Stealth        | 1 2 3 4 |  4.0
Evocations     | 1 |  1.1

Action                     |  1- 3 |  4- 6 |  7- 9 | 10-12 | 13-15 || total
---------------------------+-------+-------+-------+-------+-------++-------
  Melee: Hand axe          |    63 |       |       |       |       ||    63
         Dagger            |    18 |       |       |       |       ||    18
         Broad axe         |       |    95 |   180 |   286 |   424 ||   985
         Quarterstaff      |       |     1 |       |       |       ||     1
 Invoke: Berserk           |     1 |     1 |     3 |     3 |     2 ||    10
         Brothers in Arms  |       |       |       |     2 |     1 ||     3
         Trog's Hand       |       |       |       |     1 |     4 ||     5
  Evoke: Wand              |       |       |       |       |     8 ||     8
         Phial of floods   |       |       |       |       |     1 ||     1
    Use: Scroll            |       |     5 |    17 |     9 |     9 ||    40
         Potion            |       |       |       |     4 |     6 ||    10
   Stab: Distracted        |       |       |       |     1 |       ||     1
         Invisible         |       |       |       |     3 |       ||     3
         Sleeping          |       |       |       |       |     3 ||     3
         Paralysed         |       |       |       |       |     1 ||     1
 Armour: Animal skin       |     7 |       |       |       |       ||     7
         Leather armour    |    13 |       |       |       |       ||    13
         Chain mail        |    16 |    26 |       |       |       ||    42
         Ring mail         |       |    17 |    48 |    17 |       ||    82
         Plate armour      |       |       |       |    41 |       ||    41
         Scale mail        |       |       |       |    31 |   161 ||   192
  Dodge: Dodged            |    80 |    30 |    36 |    83 |   132 ||   361
  Block: Tower shield      |       |    84 |   164 |   264 |   479 ||   991

Table legend: (Time is in decaauts)
 A = Elapsed time spent in this place.
 B = Non-inter-level travel time spent in this place.
 C = Inter-level travel time spent in this place.
 D = Time resting spent in this place.
 E = Time spent auto-exploring this place.
 F = Levels seen in this place.
 G = Mean time per level.
                   A        B        C        D        E       F      G
               +--------+--------+--------+--------+--------+-----+--------+
         Total |  18427 |  16265 |   2162 |   1231 |   6309 |  20 |  921.3 |
       Dungeon |  15481 |  13612 |   1869 |   1001 |   5237 |  15 | 1032.1 |
        Temple |    149 |     18 |    131 |      0 |      0 |   1 |  149.0 |
          Lair |   1844 |   1689 |    155 |    229 |    555 |   2 |  922.0 |
  Orcish Mines |    951 |    944 |      7 |      0 |    517 |   2 |  475.5 |
               +--------+--------+--------+--------+--------+-----+--------+

Top non-repeatable levels by time:
     D:9: 1909 daAuts
    D:12: 1895 daAuts
    D:11: 1683 daAuts
  Lair:1: 1490 daAuts
    D:10: 1262 daAuts
    D:13: 1240 daAuts
     D:2: 941 daAuts
    D:14: 884 daAuts
     D:6: 863 daAuts
     D:5: 855 daAuts
     D:8: 804 daAuts
     D:7: 757 daAuts
     D:4: 719 daAuts
     D:1: 697 daAuts
   Orc:1: 676 daAuts
